 Dungeon Crawl Stone Soup version 0.19-a0-628-g9200b3b (webtiles) character file.

838 st0uf the Shield-Bearer (level 8, -1/62 HPs)
             Began as a Formicid Fighter on June 13, 2016.
             Slain by an ogre
             ... wielding a +0 giant spiked club
              (24 damage)
             ... on level 5 of the Dungeon.
             The game lasted 00:27:52 (6471 turns).

st0uf the Shield-Bearer (Formicid Fighter)          Turns: 6471, Time: 00:27:53

Health: -1/62      AC:  7    Str: 20    XL:     8   Next: 19%
Magic:  8/8        EV: 10    Int:  9    God:
Gold:   161        SH: 10    Dex: 12    Spells: 0 memorised, 7 levels left

rFire  . . .     SeeInvis +     a - +1 war axe
rCold  . . .     Gourm    .     b - +0 scale mail
rNeg   . . .     Faith    .     c - +0 shield
rPois  .         Spirit   .     (helmet unavailable)
rElec  .         Dismiss  .     (no cloak)
rCorr  .         Reflect  .     (no gloves)
SustAt .         Harm     .     (no boots)
MR     .....                    (no amulet)
Stlth  ..........               (no ring)
                                (no ring)

@: not resistant to hostile enchantments, extremely unstealthy
A: permanent stasis, dig shafts and tunnels, four strong arms, antennae 3
a: Dig, Shaft Self


You were on level 5 of the Dungeon.
You were very hungry.

You visited 1 branch of the dungeon, and saw 6 of its levels.

You collected 205 gold pieces.
You spent 44 gold pieces at shops.

Inventory:

Hand Weapons
 a - a +1 war axe (weapon)
 E - a +0 hand axe
Missiles
 p - 30 sling bullets
 r - 273 stones (quivered)
Armour
 b - a +0 scale mail (worn)
 c - a +0 shield (worn)
 q - a +0 cloak
Jewellery
 t - an uncursed ring of ice
 D - an uncursed ring of ice
Scrolls
 e - a scroll of enchant weapon
 g - a scroll of fear
 i - 4 scrolls of remove curse
 j - a scroll of recharging {unknown}
 k - 2 scrolls of magic mapping {unknown}
 m - a scroll of noise {unknown}
 n - a scroll of teleportation {unknown}
 o - 2 scrolls of enchant armour {unknown}
 s - a scroll of random uselessness {unknown}
 y - a scroll of fog {unknown}
 B - a scroll of identify
 C - a scroll of amnesia {unknown}
Potions
 d - a potion of might
 l - a potion of heal wounds {unknown}
 u - 2 potions of degeneration {unknown}
 w - a potion of flight
 z - 2 potions of magic
Comestibles
 f - 3 bread rations
 h - 2 meat rations
 v - 2 fruits


   Skills:
 + Level 5.3 Fighting
 + Level 4.1 Axes
 + Level 0.2 Throwing
 + Level 5.6 Armour
 + Level 2.9 Dodging
 + Level 6.0 Shields


You had 7 spell levels left.
You didn't know any spells.

Dungeon Overview and Level Annotations

Branches:
Dungeon (6/15)
 Temple: D:4-7

Altars:
Kikubaaqudgha
Pakellas
Sif Muna
Trog

Shops:
D:5 ?

Annotations:
D:4 Menkaure
D:6 georgeearnest's ghost, novice HOFi


Innate Abilities, Weirdness & Mutations

You are under a permanent stasis effect.
You can dig through walls and to a lower floor.
Your four strong arms can wield two-handed weapons with a shield.
You have a pair of large antennae on your head. (SInv)


Message History

The ogre is moderately wounded.
You block the ogre's attack.
You barely miss the ogre.
The ogre is moderately wounded.
The ogre barely misses you.
You hit the ogre but do no damage.
The ogre is moderately wounded.
You block the ogre's attack.
You hit the ogre.
The ogre is heavily wounded.
You slash the ogre!
The ogre is almost dead.
The ogre hits you with a giant spiked club!
You barely miss the ogre.
The ogre is almost dead.
The ogre hits you but does no damage.
You barely miss the ogre.
The ogre is almost dead.
The ogre hits you with a giant spiked club!!
You die...

#...[<..#####.8...8.#
##.....(....#.......#
######)######.....##
###[######8...8#
#.......###...##
#.......####'##
#.#.###..##((#
#.#(###..##O######
#.#.#.....@......# ###
#........#######.#
..#####....##.#.## #.#
.........(..#.##)# #.#
..#####.......#.## #.#
.## ###.######.## #.#
.# #.# #.#.####.#####
.#
##.######.#.........#
)#
###.........#.#######.#


You could see an ogre.

Vanquished Creatures
  2 orc warriors
  An ogre (D:4)
  A howler monkey (D:5)
  A jelly (D:5)
  An orc priest (D:5)
  A hound (D:5)
  3 orc wizards
  An iguana (D:5)
  A worker ant (D:5)
  A howler monkey skeleton (D:4)
  13 adders
  3 gnolls (D:2)
  An ooze (D:4)
  2 worms (D:3)
  A dart slug (D:2)
  4 giant geckos
  29 orcs
  8 giant cockroaches
  9 goblins
  5 hobgoblins
  17 jackals
  11 kobolds
  2 quokkas
  A ball python (D:4)
  3 bats
  6 giant newts
  6 rats
134 creatures vanquished.

Vanquished Creatures (others)
  A dart slug (D:1)
1 creature vanquished.

Grand Total: 135 creatures vanquished

Notes
Turn   | Place    | Note
--------------------------------------------------------------
     0 | D:1      | st0uf the Formicid Fighter began the quest for the Orb.
     0 | D:1      | Reached XP level 1. HP: 18/18 MP: 1/1
    43 | D:1      | Reached XP level 2. HP: 18/24 MP: 2/2
   394 | D:1      | Reached XP level 3. HP: 25/29 MP: 3/3
   498 | D:1      | Reached skill level 4 in Shields
   975 | D:2      | Reached XP level 4. HP: 35/37 MP: 4/4
  1023 | D:2      | Reached skill level 1 in Dodging
  1216 | D:2      | Reached XP level 5. HP: 42/42 MP: 5/5
  1337 | D:2      | Found a bloodstained altar of Trog.
  2847 | D:4      | Found an oddly glowing altar of Pakellas.
  2853 | D:4      | Reached XP level 6. HP: 48/48 MP: 6/6
  2880 | D:4      | Noticed an ogre
  2885 | D:4      | HP: 2/48 [ogre/giant club (9)]
  2886 | D:4      | Killed an ogre
  2886 | D:4      | Reached skill level 5 in Shields
  3217 | D:4      | Noticed Menkaure
  3273 | D:4      | Found a deep blue altar of Sif Muna.
  3829 | D:5      | Entered Level 5 of the Dungeon
  3829 | D:5      | Found Elaraewn's Magic Scroll Shoppe.
  3832 | D:5      | Bought a scroll of identify for 22 gold pieces
  3832 | D:5      | Bought a scroll of identify for 22 gold pieces
  3878 | D:5      | Reached XP level 7. HP: 50/55 MP: 7/7
  3901 | D:5      | Found an ancient bone altar of Kikubaaqudgha.
  4586 | D:5      | Found a runed door.
  4947 | D:5      | Reached skill level 5 in Armour
  5109 | D:6      | Noticed georgeearnest's ghost (novice HOFi)
  5414 | D:4      | Reached skill level 5 in Fighting
  5602 | D:5      | Reached XP level 8. HP: 44/62 MP: 8/8
  6100 | D:5      | HP: 2/62 [orc warrior/flail of holy wrath (19)]
  6414 | D:5      | Reached skill level 6 in Shields
  6471 | D:5      | Slain by an ogre

Vault maps used:
D:1:      saegor_arrival_miasma
D:2:      bloody_trog, first_bread
D:4:      grunt_pakellas_basics, old_standard_altar, uniq_menkaure
D:5:      kiku_gazebo_pond_becter, serial_shops, shop, lightli_church_of_beogh
D:6:      nicolae_qazlal_style_of_elements, old_standard_altar, uniq_edmund,
          uniq_eustachio

Skill      XL: |  1  2  3  4  5  6  7  8 |
---------------+-------------------------+-----
Shields        | 4 5 6 |  6.0
Armour         | 4 5 |  5.6
Dodging        | 1 2 |  2.9
Fighting       | 4 5 |  5.3
Axes           | 3 4 |  4.1
Throwing       | |  0.2

Action                   |  1- 3 |  4- 6 |  7- 9 || total
-------------------------+-------+-------+-------++-------
Melee: War axe           |   113 |   247 |   203 ||   563
Throw: Stone             |       |     2 |       ||     2
 Abil: Dig               |     1 |     7 |     7 ||    15
  Use: Scroll            |       |     8 |       ||     8
       Potion            |       |       |     1 ||     1
  Eat: Chunk             |       |     9 |     8 ||    17
       Pizza             |       |     1 |       ||     1
       Fruit             |       |       |     1 ||     1
Armor: Scale mail        |    52 |    94 |    57 ||   203
Dodge: Dodged            |    44 |    90 |    55 ||   189
Block: Shield            |    59 |   128 |    98 ||   285
